 Dungeon Crawl Stone Soup version 0.29.0-13-gc9e81de378 (webtiles) character file.

Game seed: 8193497633283780656

4119 emikaela the Eye of the Storm (level 10, -3/80 HPs)
             Began as a Meteoran Hedge Wizard on Sept 7, 2022.
             Was a Priest of Qazlal.
             Killed by an exploding Gastronok (31 damage)
             ... ignited by their inner flame
             ... on level 8 of the Dungeon.
             The game lasted 00:59:35 (4817 turns).

emikaela the Eye of the Storm (MeHW)                Turns: 4817, Time: 00:59:36

Health: -3/80      AC: 11    Str: 24    XL:     10   Next: 80%
Magic:  7/20       EV: 12    Int: 18    God:    Qazlal [***...]
Gold:   386        SH:  4    Dex: 14    Spells: 6/21 levels left

rFire   . . .      SeeInvis .   k - +1 war axe (elec)
rCold   + . .      Faith    .   (no shield)
rNeg    . . .      Spirit   .   y - +1 ring mail of Virtue {rC+ Str+4}
rPois   .          Reflect  .   c - +0 hat
rElec   .          Harm     .   j - +1 cloak
rCorr   .          Rampage  .   q - +1 pair of gloves
Will    +....                   (no boots)
Stlth   +.........              (no amulet)
HPRegen 0.23/turn               v - +6 ring of strength
MPRegen 0.17/turn               x - +4 ring of slaying

@: slowed, glowing, very slow
A: sense surroundings 2, otherworldly, glowing, explore regen
a: Renounce Religion, Upheaval, Elemental Force


You were on level 8 of the Dungeon.
You worshipped Qazlal.
Qazlal was most pleased with you.
You visited 2 branches of the dungeon, and saw 9 of its levels.
You also visited: Sewer and Ossuary.

You collected 386 gold pieces.

Inventory:

Hand Weapons
 h - a +1 dagger of venom
 k - a +1 war axe of electrocution (weapon)
 O - a +3 spear
Missiles
 s - 71 stones (quivered)
 B - 2 atropa-tipped darts
 H - 16 poisoned darts
 Q - 2 silver boomerangs
Armour
 b - a +0 robe
 c - a +0 hat (worn)
 j - a +1 cloak (worn)
 q - a +1 pair of gloves (worn)
 y - the +1 ring mail of Virtue (worn) {rC+ Str+4}
   (You found it on level 4 of the Dungeon)

   Str:       It affects your strength (+4).
   rC:        It protects you from cold.
 C - a +2 robe of cold resistance
 E - the +1 ring mail "Pitaptuk" {+Inv rN+ Will- Str+7}
   (You found it on level 5 of the Dungeon)

   Str:       It affects your strength (+7).
   rN:        It protects you from negative energy.
   +Inv:      It lets you turn invisible.
   Will:      It decreases your willpower.
 R - a scarf of repulsion
Magical Staves
 z - a staff of poison
Jewellery
 v - a +6 ring of strength (left hand)
 w - a ring of resist corrosion
 x - a +4 ring of slaying (right hand)
 M - a ring of wizardry
Wands
 A - a wand of light (16)
 F - a wand of flame (19)
 P - a wand of paralysis (6)
Scrolls
 a - 2 scrolls of silence {unknown}
 f - a scroll of fear
 i - a scroll of poison {!r}
 l - 4 scrolls of blinking
 o - 3 scrolls of immolation {!r}
 p - a scroll of teleportation
 r - a scroll of magic mapping {unknown}
 u - a scroll of summoning
 K - a scroll of vulnerability {unknown}
 L - 2 scrolls of brand weapon {unknown}
Potions
 d - 3 potions of magic
 e - a potion of ambrosia {unknown}
 g - 2 potions of mutation {!q}
 m - 5 potions of curing {unknown}
 n - 5 potions of flight {unknown}
 t - a potion of haste {unknown}
 D - a potion of invisibility {unknown}
 G - a potion of berserk rage {!q}
 I - 2 potions of might {unknown}
 J - a potion of heal wounds
 N - 3 potions of brilliance {unknown}
 S - a potion of attraction {unknown}


   Skills:
 + Level 4.5 Fighting
 - Level 6.0 Armour
 + Level 3.3 Dodging
 - Level 1.4 Stealth
 - Level 6.0 Spellcasting
 - Level 6.0 Conjurations
 - Level 4.0 Summonings
 + Level 3.0 Translocations
 + Level 7.2 Air Magic
 - Level 4.0 Poison Magic
 + Level 7.3 Invocations
 + Level 5.6 Evocations


You had 6 spell levels left.
You knew the following spells:

 Your Spells              Type           Power      Damage    Failure   Level
a - Magic Dart            Conj           100%       1d8       1%          1
b - Call Imp              Summ           19%        N/A       4%          2
c - Mephitic Cloud        Conj/Pois/Air  26%        N/A       4%          3
l - Blink                 Tloc           32%        N/A       8%          2
s - Airstrike             Air            15%        2d(3-19)  9%          4
w - Swiftness             Air            31%        N/A       2%          3

Your spell library contained the following spells:

 Spells                   Type           Power      Damage    Failure   Level
 Shock                    Conj/Air       100%       1d9       1%          1
 Call Canine Familiar     Summ           19%        N/A       10%         3
 Conjure Flame            Conj/Fire      16%        6-21      16%         3
 Stone Arrow              Conj/Erth      32%        3d9       16%         3
 Sandblast                Erth           10%        2d5       17%         1
 Slow                     Hex            20%        N/A       17%         1
 Passwall                 Tmut/Erth      4%         N/A       26%         2
 Portal Projectile        Hex/Tloc       20%        N/A       28%         3
 Hailstorm                Conj/Ice       16%        3d6       45%         4
 Animate Armour           Summ/Erth      24%        N/A       58%         4
 Irradiate                Conj/Tmut      8%         3d14      80%         5
 Ice Form                 Ice/Tmut       5%         N/A       86%         4
 Leda's Liquefaction      Hex/Erth       2%         N/A       86%         4
 Blade Hands              Tmut           2%         N/A       99%         5
 Simulacrum               Ice/Necr       2%         N/A       100%        6
 Dragon Form              Tmut           2%         N/A       100%        7
 Lehudib's Crystal Spear  Conj/Erth      8%         10d3      100%        8


Dungeon Overview and Level Annotations

Branches:
Dungeon (8/15) Zot: 590    Temple (1/1) D:6 Zot: 598   Sewer (visited)
Ossuary (visited)
   Lair: D:8-11

Altars:
Ashenzari
Cheibriados
Dithmenos
Elyvilon
Fedhas
Gozag
Hepliaklqana
Kikubaaqudgha
Makhleb
Qazlal
Ru
Trog
Vehumet
Wu Jian
Xom
Yredelemnul
The Shining One

Annotations:
D:2 1 runed translucent door, Crazy Yiuf


Innate Abilities, Weirdness & Mutations

You passively map the area around you.
You are easily found by Zot.
You glow in the dark.
You regain HP and MP as you explore.


Message History

Press: ? - help, Dir - look around, f - activate Clouds arounds you coalesce and take form!
The shadow imp hits you but does no damage.
You block the gnoll's attack.
Gastronok is engulfed in noxious fumes.
Gastronok casts a spell at you.
You feel yourself slow down.
Really read
o - 4 scrolls of immolation {!r}?
Really read the scroll of immolation?
As you read the scroll of immolation {!r}, it crumbles to dust.
The creatures around you are filled with an inner flame!
The gnoll is engulfed in noxious fumes.
The gnoll appears confused.
Your fire elemental hits the shadow imp.
Flame seeps out of the shadow imp.
Your fire elemental burns the shadow imp!
Qazlal accepts your kill.
The shadow imp explodes!
The fiery explosion engulfs your fire elemental.
Your fire elemental completely resists.
You hear a sizzling sound!
The fiery explosion engulfs Gastronok!!
Flame seeps out of Gastronok.
Gastronok is severely wounded.
The fiery explosion engulfs you!!
The fiery explosion engulfs the gnoll!!!
Qazlal accepts your kill.
The gnoll explodes!
The fiery explosion engulfs Gastronok!!
Flame seeps out of Gastronok.
Gastronok is almost dead.
The fiery explosion engulfs the gnoll sergeant!!
Qazlal accepts your kill.
The fiery explosion engulfs the gnoll!!!
Qazlal accepts your kill.
You hear a splash.
The gnoll explodes!
The gnoll sergeant explodes!
The fiery explosion engulfs Gastronok!!
Qazlal accepts your kill.
The fiery explosion engulfs the gnoll!!
Qazlal accepts your kill.
The gnoll explodes!
Gastronok explodes!
The fiery explosion engulfs you!!
You die...

, ...........P.P. , ,,
.)..##...##P≈≈. , ,
............≈≈. * , *,
....##...##.... , ....
##.## .#. , , , ... #.#
##...,, , , ,,,
,....####.#...... ^ , ,
......§)...#* , * , ,
,......E@###..... , * ,
, ##...#§○°§§§.#..,, ,*
...###.....§§°§..# .
#.........o§§§§..#.. ,
, .....)...~≈§§§~.).. ,
#.>.....P)~~~.<... ,
###.>.....~~~~...## * ,
#...........♣.....#*
#...P..P†YE......!.*,*,


You could see an orc wizard (inner flame) and a friendly fire elemental
(summoned).

Vanquished Creatures
  Gastronok (D:8)
  A cyclops (D:6)
  A hornet (D:8)
  A yak (D:8)
  Menkaure (D:6)
  A water moccasin (D:5)
  Duvessa (D:6)
  4 black bears
  An ice beast (D:6)
  A centaur (D:4)
  2 ogres
  A phantom (D:6)
  2 bullfrogs (Sewer)
  A necrophage (D:6)
  2 gnoll sergeants
  3 scorpions
  5 water moccasin zombies (Ossuary)
  3 wights (D:7)
  Dowan (D:6)
  A crimson imp (D:3)
  A hound (D:5)
  A gnoll bouda (D:4)
  An orc priest (D:5)
  3 jellies
  2 iguanas
  Ijyb (D:5)
  2 mummies (Ossuary)
  15 gnolls
  8 adders
  2 shadow imps
  3 white imps
  4 ufetubi
  3 adder zombies (Ossuary)
  A worm (D:3)
  6 dart slugs
  11 orcs
  14 ball pythons
  9 bats
  13 endoplasms
  11 giant cockroaches
  9 goblins
  2 hobgoblins
  3 jackals
  9 quokkas
  14 frilled lizards
  4 gnoll zombies (Ossuary)
  A goblin skeleton (D:3)
  7 hobgoblin zombies
  6 kobolds
  3 kobold skeletons (D:3)
  6 kobold zombies
  2 orc skeletons (D:3)
  8 orc zombies
  A rat (D:2)
220 creatures vanquished.

Vanquished Creatures (collateral kills)
  Grinder (D:5)
  2 yaks (D:8)
  An ice beast (D:5)
  An orc priest (D:8)
  An orc wizard (D:5)
  3 gnolls (D:6)
  An adder (D:3)
  A shadow imp (D:8)
  2 orcs
13 creatures vanquished.

Vanquished Creatures (others)
  5 demonic plants (D:8)
  4 fungi (D:6)
9 creatures vanquished.

Grand Total: 242 creatures vanquished

Notes
Turn   | Place    | Note
-------+----------+-------------------------------------------
     0 | D:1      | emikaela the Meteoran Hedge Wizard began the quest for the
                  | Orb.
     0 | D:1      | Reached XP level 1. HP: 14/14 MP: 6/6
    50 | D:1      | Reached XP level 2. HP: 17/20 MP: 0/8
    53 | D:1      | Learned a level 2 spell: Blink
    56 | D:1      | Learned a level 2 spell: Call Imp
   196 | D:1      | Reached XP level 3. HP: 21/27 MP: 2/9
   263 | D:1      | Learned a level 3 spell: Mephitic Cloud
   501 | D:1      | Glimpsed the power of Zot.
   529 | D:1      | Reached skill level 1 in Fighting
   699 | D:2      | Reached XP level 4. HP: 29/35 MP: 7/11
   846 | D:2      | Found a runed translucent door.
   847 | D:2      | Noticed Crazy Yiuf
  1016 | D:2      | Found a faded altar of an unknown god.
  1032 | D:2      | Prayed at the altar of an unknown god.
  1032 | D:2      | Became a worshipper of Qazlal Stormbringer
  1032 | D:2      | Reached * piety under Qazlal
  1087 | D:3      | Found a glowing golden altar of the Shining One.
  1171 | D:3      | Reached skill level 1 in Air Magic
  1184 | D:3      | Reached skill level 1 in Poison Magic
  1354 | D:3      | Found a radiant altar of Vehumet.
  1387 | D:3      | Reached XP level 5. HP: 32/40 MP: 2/13
  1534 | D:3      | Found a glowing drain.
  1543 | Sewer    | Entered a sewer
  1555 | Sewer    | Reached ** piety under Qazlal
  1794 | Sewer    | Reached skill level 5 in Spellcasting
  1822 | Sewer    | Noticed a bullfrog
  1825 | Sewer    | Noticed a bullfrog
  1828 | Sewer    | Killed a bullfrog
  1829 | Sewer    | Reached XP level 6. HP: 48/48 MP: 3/14
  1941 | D:3      | Reached *** piety under Qazlal
  1963 | D:3      | Reached XP level 7. HP: 52/55 MP: 7/16
  1988 | D:3      | Glimpsed the power of Zot.
  2038 | D:3      | Glimpsed the power of Zot.
  2078 | D:3      | Glimpsed the power of Zot.
  2088 | D:3      | Touched by the power of Zot.
  2256 | D:4      | Reached skill level 1 in Invocations
  2361 | D:3      | Learned a level 4 spell: Airstrike
  2365 | D:3      | Learned a level 3 spell: Swiftness
  2550 | D:4      | Identified the +1 ring mail of Virtue {rC+ Str+4}
  2740 | D:4      | Reached XP level 8. HP: 44/61 MP: 13/17
  2744 | D:4      | Found a hazy altar of Hepliaklqana.
  2773 | D:4      | Glimpsed the power of Zot.
  2803 | D:5      | Entered Level 5 of the Dungeon
  2812 | D:5      | Reached skill level 1 in Armour
  2860 | D:5      | Noticed Ijyb
  2866 | D:5      | Noticed Grinder
  2868 | D:5      | Killed Ijyb
  2875 | D:5      | Killed Grinder
  2893 | D:5      | Reached skill level 5 in Conjurations
  2893 | D:5      | Gained mutation: You passively map the area around you.
                  | [Meteoran growth]
  2893 | D:5      | Reached XP level 9. HP: 70/70 MP: 5/19
  3000 | D:5      | Identified the +1 ring mail "Pitaptuk" {+Inv rN+ Will-
                  | Str+7}
  3067 | D:5      | Reached skill level 1 in Evocations
  3355 | D:5      | Glimpsed the power of Zot.
  3405 | D:5      | Glimpsed the power of Zot.
  3445 | D:6      | Noticed Duvessa
  3447 | D:6      | Noticed Dowan
  3500 | D:6      | Noticed Menkaure
  3506 | D:6      | Killed Menkaure
  3507 | D:6      | Reached skill level 5 in Air Magic
  3522 | D:6      | Reached skill level 5 in Invocations
  3552 | D:6      | Killed Duvessa
  3561 | D:6      | Reached XP level 10. HP: 67/78 MP: 12/20
  3565 | D:6      | Killed Dowan
  3590 | D:6      | Found a sand-covered staircase.
  3599 | Ossuary  | Entered an ossuary
  3638 | Ossuary  | Reached **** piety under Qazlal
  3673 | Ossuary  | Reached skill level 5 in Armour
  3795 | D:6      | Found a staircase to the Ecumenical Temple.
  3828 | D:6      | Noticed a cyclops
  3833 | D:6      | Killed a cyclops
  3966 | D:6      | Found a snail-covered altar of Cheibriados.
  4124 | D:6      | Glimpsed the power of Zot.
  4141 | Temple   | Entered the Ecumenical Temple
  4206 | D:7      | Reached skill level 5 in Evocations
  4718 | D:7      | Glimpsed the power of Zot.
  4778 | D:8      | Noticed Gastronok
  4817 | D:8      | Killed Gastronok
  4817 | D:8      | Killed by an exploding Gastronok... ignited by their inner
                  | flame

Illustrated notes

Levels and vault maps discovered:
D:1:      grunt_arrival_crossed_arrows, layout_loops_ring, minivault_24
D:2:      layout_basic, hellmonk_ecumenical_altar_blasted,
          chequers_serial_rivers_micro_a, uniq_crazy_yiuf_cottage
D:3:      layout_loops_ring, nicolae_vehumet_altar_sigil,
          nicolae_tso_besieged_by_evil, portal_sewer_entry_d, st_stairs_12,
          minmay_pentangle
D:4:      layout_rooms, lemuel_doored_altar
D:5:      layout_rooms, minmay_fractal_squares_5, uniq_ijyb, uniq_grinder
D:6:      layout_basic, mainiacjoe_overflow_brackets, temple_doors_e,
          serial_aquarium, aquarium_bridge_square [aquarium_subvault_wall,
          aquarium_subvault_bridge, aquarium_subvault_bridge,
          aquarium_subvault_balcony], aquarium_bridge_square
          [aquarium_subvault_bridge, aquarium_subvault_balcony,
          aquarium_subvault_bridge, aquarium_subvault_wall], aquarium_window_2,
          aquarium_window_1, aquarium_view_2b, biasface_ghost_orc_armoury,
          nicolae_ossuary_entry_ruins, minmay_misc_feat_five,
          dreamdust_wishing_well, amethyst_killhole,
          hangedman_decor_clover_reticule, minmay_small_thing, uniq_duvessa,
          uniq_menkaure
D:7:      layout_loops_corners, dancing_weapons_uskayaw, kennysheep_another_room
D:8:      old_forge, layout_rooms, serial_demonic, serial_demonic_g,
          serial_demonic_c, serial_demonic_b, serial_demonic_f,
          serial_demonic_g, serial_demonic_a, enter_bailey_5, uniq_gastronok
Temple:   nicolae_temple_x_marks_the_god

Skill      XL: |  1  2  3  4  5  6  7  8  9 10 |
---------------+-------------------------------+-----
Conjurations   | 2 3 4 5 6 |  6.0
Fighting       | 1 2 3 4 |  4.5
Summonings     | 2 3 4 |  4.0
Air Magic      | 1 2 3 4 5 7 |  7.2
Poison Magic   | 1 2 3 4 |  4.0
Spellcasting   | 5 6 |  6.0
Invocations    | 2 3 5 7 |  7.3
Armour         | 2 4 6 |  6.0
Evocations     | 3 5 |  5.6
Translocations | 2 3 |  3.0
Dodging        | 3 |  3.3
Stealth        | |  1.4

Action                   |  1- 3 |  4- 6 |  7- 9 | 10-12 || total
-------------------------+-------+-------+-------+-------++-------
Melee: Dagger            |    17 |       |       |       ||    17
       War axe           |       |    98 |    91 |   109 ||   298
       Punch             |       |       |     2 |     2 ||     4
 Cast: Magic Dart        |    48 |   127 |    90 |    15 ||   280
       Call Imp          |     1 |     4 |     4 |       ||     9
       Blink             |     1 |       |       |       ||     1
       Mephitic Cloud    |       |     5 |    23 |     5 ||    33
Invok: Upheaval          |       |       |     2 |     4 ||     6
       Elemental Force   |       |       |     2 |     3 ||     5
  Use: Scroll            |       |     1 |     7 |     3 ||    11
 Stab: Confused          |       |       |     6 |     2 ||     8
       Paralysed         |       |       |     2 |       ||     2
Armor: Robe              |     7 |    44 |     3 |       ||    54
       Ring mail         |       |       |    24 |    50 ||    74
Dodge: Dodged            |    13 |    50 |    35 |    30 ||   128
Block: Other             |       |     8 |    19 |    16 ||    43
